 Dungeon Crawl Stone Soup version 0.29-a0-885-gb26ba3297d (webtiles) character file.

Game seed: 14180628675947529293

86 wilfster70 the Digger (level 4, 0/24 HPs)
             Began as a Gargoyle Earth Elementalist on July 20, 2022.
             Slain by Grinder (2 damage)
             ... on level 3 of the Dungeon.
             The game lasted 00:05:13 (2081 turns).

wilfster70 the Digger (Gargoyle Earth Elementalist) Turns: 2081, Time: 00:05:13

Health: 0/24       AC:  7    Str: 24    XL:     4   Next: 50%
Magic:  3/8        EV: 11    Int: 17    God:
Gold:   101        SH:  0    Dex: 10    Spells: 4/8 levels left

rFire   . . .      SeeInvis .   a - +0 dagger
rCold   . . .      Faith    .   (no shield)
rNeg    + . .      Spirit   .   c - +0 robe
rPois   ∞          Reflect  .   (no helmet)
rElec   +          Harm     .   (no cloak)
rCorr   .          Rampage  .   (no gloves)
Will    .....                   l - +1 pair of boots
Stlth   ++........              (no amulet)
HPRegen 0.08/turn               f - +6 ring of strength
MPRegen 0.11/turn               h - +6 ring of strength

@: no status effects
A: sickness immunity, AC +3, negative energy resistance 1, electricity
resistance, torment resistance 1, petrification resistance
a: no special abilities


You were on level 3 of the Dungeon.
You visited 1 branch of the dungeon, and saw 3 of its levels.

You collected 101 gold pieces.

Inventory:

Hand Weapons
 a - a +0 dagger (weapon)
Armour
 c - a +0 robe (worn)
 l - a +1 pair of boots (worn)
Jewellery
 f - a +6 ring of strength (left hand)
 h - a +6 ring of strength (right hand)
Scrolls
 k - a scroll of silence
 n - a scroll of teleportation
Potions
 b - a potion of magic
 d - 3 potions of heal wounds
 e - a potion of curing {unknown}
 i - 2 potions of lignification
 o - a potion of might


   Skills:
 - Level 1.5 Dodging
 - Level 2.1 Stealth
 + Level 2.8 Spellcasting
 + Level 1.0 Conjurations
 - Level 0.7 Transmutations
 * Level 5.4 Earth Magic


You had 4 spell levels left.
You knew the following spells:

 Your Spells              Type           Power      Damage    Failure   Level
a - Sandblast             Erth           40%        2d10      1%          1
b - Stone Arrow           Conj/Erth      26%        3d8       14%         3

Your spell library contained the following spells:

 Spells                   Type           Power      Damage    Failure   Level
 Passwall                 Tmut/Erth      10%        N/A       8%          2
 Petrify                  Tmut/Erth      12%        N/A       45%         4
 Gell's Gravitas          Tloc           2%         N/A       47%         3
 Lesser Beckoning         Tloc           2%         N/A       47%         3
 Teleport Other           Tloc           2%         N/A       47%         3


Dungeon Overview and Level Annotations

Branches:
Dungeon (3/15)

Altars:

Annotations:
D:3 Grinder


Innate Abilities, Weirdness & Mutations

You are immune to sickness and miasma.
Your stone body is resilient. (AC +3)
You are immune to poison.
You resist negative energy. (rN+)
You are resistant to electric shocks. (rElec)
You are resistant to unholy torment.
You are immune to petrification.


Message History

Grinder is moderately wounded.
The bat hits you but does no damage. Grinder closely misses you.
The bat closely misses you. Grinder gestures at you.
You suddenly lose the ability to move!
The bat barely misses you. Grinder gestures at you.
You resist with significant effort. The bat hits you but does no damage.
Grinder hits you.
You writhe in agony.
You can move again.
Casting: Sandblast (safe; 1% risk of failure)
Confirm with . or Enter, or press ? or * to list all spells.
Aiming: Sandblast (safe; 1% risk of failure)
Press: ? - help, Shift-Dir - straight line, f/p - Grinder
Aim: Grinder (moderately wounded, 78% to hit)
The blast of sand misses Grinder.
The bat closely misses you. The bat hits you but does no damage.
Grinder gestures at you. Pain shoots through your body!
Grinder closely misses you.
Casting: Sandblast (safe; 1% risk of failure)
Confirm with . or Enter, or press ? or * to list all spells.
Aiming: Sandblast (safe; 1% risk of failure)
Press: ? - help, Shift-Dir - straight line, f/p - Grinder
Aim: Grinder (moderately wounded, 78% to hit)
The blast of sand hits Grinder.
Grinder is heavily wounded.
The bat closely misses you. The bat hits you but does no damage.
Grinder hits you.
You writhe in agony.
Grinder hits you.
* * * LOW HITPOINT WARNING * * *
Casting: Sandblast (safe; 1% risk of failure)
Confirm with . or Enter, or press ? or * to list all spells.
Aiming: Sandblast (safe; 1% risk of failure)
Press: ? - help, Shift-Dir - straight line, f/p - Grinder
Aim: Grinder (heavily wounded, 78% to hit)
The blast of sand hits Grinder!
Grinder is severely wounded.
The bat hits you but does no damage. The bat hits you.
* * * LOW HITPOINT WARNING * * *
Grinder hits you.
You die...

#..# #### ####..#
....#### #.....#
#....####.....#####
#.....##..........
##..#.##.......... #####
##b.#....##.#.....
......#...##.....)......
.[.....@5..............#
......<...##.##........#
.###.##..###.##......b.#
#.....# #.##........# #
##... #5##.........
..##...#...######. ..#
..#..... ## ... . ... .
# #.####


You could see Grinder and a bat.

Vanquished Creatures
  3 adders (D:2)
  3 worms (D:3)
  A dart slug (D:1)
  An orc (D:3)
  5 ball pythons
  2 bats (D:2)
  7 endoplasms
  2 giant cockroaches
  2 goblins
  5 hobgoblins
  A jackal (D:2)
  3 kobolds
  3 quokkas
  2 frilled lizards (D:1)
  4 rats
44 creatures vanquished.

Notes
Turn   | Place    | Note
-------+----------+-------------------------------------------
     0 | D:1      | wilfster70 the Gargoyle Earth Elementalist began the quest
                  | for the Orb.
     0 | D:1      | Reached XP level 1. HP: 10/10 MP: 3/3
   452 | D:1      | Reached skill level 4 in Earth Magic
   453 | D:1      | Reached XP level 2. HP: 15/15 MP: 0/5
  1162 | D:2      | Reached XP level 3. HP: 19/19 MP: 2/6
  1430 | D:2      | Learned a level 3 spell: Stone Arrow
  1491 | D:2      | Reached skill level 5 in Earth Magic
  1513 | D:2      | Found a faded altar of an unknown god.
  1713 | D:2      | Reached XP level 4. HP: 21/24 MP: 3/8
  2058 | D:3      | Reached skill level 1 in Conjurations
  2068 | D:3      | Noticed Grinder
  2076 | D:3      | Paralysed by Grinder for 4 turns
  2081 | D:3      | Slain by Grinder

Illustrated notes

Levels and vault maps discovered:
D:1:      beargit_arrival_greenhouse, layout_rooms, minmay_misc_feat_enclosed,
          chequers_decorated_corner, interstate_on_off
D:2:      minmay_chambers_of_twos, layout_loops_ring,
          hellmonk_ecumenical_altar_slurped_away
D:3:      minmay_chambers_of_threes, layout_rooms, gammafunk_ghost_necromancy,
          minivault_5, chequers_jeans, uniq_grinder

Skill      XL: |  1  2  3  4 |
---------------+-------------+-----
Earth Magic    | 4 5 |  5.4
Conjurations   | 1 |  1.0
Dodging        | |  1.5
Stealth        | |  2.1
Spellcasting   | |  2.8
Transmutations | |  0.7

Action                   |  1- 3 |  4- 6 || total
-------------------------+-------+-------++-------
Melee: Dagger            |     5 |       ||     5
 Cast: Sandblast         |    46 |    24 ||    70
  Use: Scroll            |     7 |     6 ||    13
 Stab: Sleeping          |     1 |       ||     1
Armor: Robe              |    14 |     8 ||    22
Dodge: Dodged            |    21 |    11 ||    32

Table legend: (Time is in decaauts)
 A = Elapsed time spent in this place.
 B = Non-inter-level travel time spent in this place.
 C = Inter-level travel time spent in this place.
 D = Time resting spent in this place.
 E = Time spent auto-exploring this place.
 F = Levels seen in this place.
 G = Mean time per level.
                   A        B        C        D        E       F      G
               +--------+--------+--------+--------+--------+-----+--------+
         Total |   2148 |   2102 |     46 |    666 |    795 |   3 |  716.0 |
       Dungeon |   2148 |   2102 |     46 |    666 |    795 |   3 |  716.0 |
               +--------+--------+--------+--------+--------+-----+--------+

Top non-repeatable levels by time:
     D:2: 1007 daAuts
     D:1: 978 daAuts
     D:3: 162 daAuts
